 Dungeon Crawl Stone Soup version 0.23-a0-139-ga22e90c45f (webtiles) character file.

23 PikkenKukken the Skirmisher (level 2, -3/24 HPs)
             Began as a Demonspawn Fighter on Aug 30, 2018.
             Slain by Natasha (4 damage)
             ... on level 2 of the Dungeon.
             The game lasted 00:01:21 (873 turns).

PikkenKukken the Skirmisher (Demonspawn Fighter)     Turns: 873, Time: 00:01:21

Health: -3/24      AC:  6    Str: 21    XL:     2   Next: 75%
Magic:  2/2        EV:  7    Int:  9    God:
Gold:   80         SH:  9    Dex: 12    Spells: 1/1 levels left

rFire    . . .     SeeInvis .   a - +0 rapier
rCold    . . .     Gourm    .   c - +0 shield
rNeg     . . .     Faith    .   b - +0 scale mail
rPois    .         Spirit   .   (helmet restricted)
rElec    .         Reflect  .   (no cloak)
rCorr    .         Harm     .   (no gloves)
MR       .....                  (no boots)
Stlth    ..........             (no amulet)
HPRegen  0.08/turn              (no ring)
MPRegen  0.08/turn              (no ring)

@: mighty, slowed, very slow
A: antennae 1
a: no special abilities


You were on level 2 of the Dungeon.
You were not hungry.

You visited 1 branch of the dungeon, and saw 2 of its levels.

You collected 80 gold pieces.

Inventory:

Hand Weapons
 a - a +0 rapier (weapon)
Armour
 b - a +0 scale mail (worn)
 c - a +0 shield (worn)
Potions
 e - a potion of agility
Comestibles
 f - 3 rations


   Skills:
 + Level 3.2 Fighting
 * Level 2.1 Short Blades
 + Level 2.9 Armour
 + Level 0.7 Dodging
 + Level 2.9 Shields


You had one spell level left.
You didn't know any spells.
Your spell library was empty.

Dungeon Overview and Level Annotations

Branches:
Dungeon (2/15)

Altars:

Annotations:
D:2 Natasha


Innate Abilities, Weirdness & Mutations

You have a pair of small antennae on your head.


Message History

You closely miss Natasha. Natasha claws you but does no damage.
You block Natasha's attack.
You closely miss Natasha. Natasha claws you!
Natasha mumbles some strange words.
You completely miss Natasha. Natasha claws you!
* * * LOW HITPOINT WARNING * * *
You hit Natasha but do no damage. Natasha claws you.
* * * LOW HITPOINT WARNING * * *
The crimson imp blinks!
Natasha stares at you and mumbles some strange words.
You feel as though you will be slow longer.
Okay, then.
You feel very mighty all of a sudden. Natasha barely misses you.
The crimson imp blinks! x2
You block Natasha's attack.
You puncture Natasha!
Natasha is heavily wounded.
The crimson imp disappears in a puff of smoke!
You block Natasha's attack. Natasha claws you.
You die...

#.PP.P.# ##.[P...
#########....
#............ .##
#.#######.... >... #.#
#[... .....
#####.#########.#
.....g##...............#
...ยง5Sh@.....########.##
......##..#### #.# .....
#..# #.## P##. #..# #...
.. ...# #### ## ##.## #
### # # #


You could see Natasha, a crimson imp, an adder and a goblin.

Vanquished Creatures
  A dart slug (D:1)
  2 leopard geckos (D:1)
  A bat (D:1)
  2 giant cockroaches (D:1)
  3 goblins (D:1)
  3 hobgoblins (D:1)
  5 kobolds (D:1)
  A rat (D:1)
18 creatures vanquished.

Notes
Turn   | Place    | Note
-------+----------+-------------------------------------------
     0 | D:1      | PikkenKukken the Demonspawn Fighter began the quest for the
                  | Orb.
     0 | D:1      | Reached XP level 1. HP: 18/18 MP: 1/1
   103 | D:1      | Gained mutation: You have a pair of small antennae on your
                  | head. [demonic ancestry]
   103 | D:1      | Reached XP level 2. HP: 13/24 MP: 2/2
   858 | D:2      | Noticed Natasha
   861 | D:2      | Noticed a crimson imp
   870 | D:2      | Noticed a crimson imp
   871 | D:2      | HP: 1/24 [Natasha (3)]
   873 | D:2      | Slain by Natasha

Vault maps used:
D:1:      mrwooster_arrival_statue
D:2:      lemuel_doored_altar, fedhas_altar_fruit_tree, serial_forest,
          infiniplex_forest_lined_3_way, infiniplex_forest_clump_small,
          infiniplex_forest_clump_long, infiniplex_forest_pool,
          grunt_decor_mini_mirrors, uniq_natasha

Skill      XL: |  1  2 |
---------------+-------+-----
Short Blades   | 2 |  2.1
Fighting       | |  3.2
Armour         | |  2.9
Dodging        | |  0.7
Shields        | |  2.9

Action                   || total
-------------------------++-------
Melee: Rapier            ||    83
  Use: Scroll            ||     2
       Potion            ||     1
Armor: Scale mail        ||    32
Dodge: Dodged            ||    23
Block: Shield            ||    36

Table legend:
 A = Non-vault XP
 B = Vault XP
 C = Vault XP percentage of total XP
 D = Non-vault monster count
 E = Vault monster count
 F = Vault count percentage of total count
                 A         B        C        D         E       F
            +---------+---------+-------+---------+---------+-------
      Total |      34 |       0 |   0.0 |      18 |       0 |   0.0
            +---------+---------+-------+---------+---------+-------
        D:1 |      34 |       0 |   0.0 |      18 |       0 |   0.0
            +---------+---------+-------+---------+---------+-------
